 Dungeon Crawl Stone Soup version 0.30-a0-862-g1aabd4f9c5 (webtiles) character file.

Game seed: 3492041128328275640

130 bande the Covered (level 5, -1/33 HPs)
             Began as a Gargoyle Fighter on Mar 10, 2023.
             Slain by Natasha (7 damage)
             ... on level 3 of the Dungeon.
             The game lasted 00:05:00 (2084 turns).

bande the Covered (Gargoyle Fighter)                Turns: 2084, Time: 00:05:00

Health: -1/33      AC: 13    Str: 20    XL:     5   Next: 13%
Magic:  5/5        EV:  9    Int:  8    God:
Gold:   109        SH:  4    Dex: 11    Spells: 4/4 levels left

rFire   . . .      SeeInvis .    a - +0 war axe
rCold   . . .      Faith    .    c - +0 buckler
rNeg    + . .      Spirit   .    b - +0 scale mail
rPois   ∞          Reflect  .    m - +1 helmet
rElec   +          Rampage  .    (no cloak)
rCorr   .                        (no gloves)
Will    .....                    (no boots) Stlth
                                 (no amulet)
HPRegen 0.25/turn                (no ring)
MPRegen 0.09/turn                (no ring)

@: mighty, slowed, very slow
A: sickness immunity, AC +4, negative energy resistance 1, electricity
resistance, torment resistance 1, petrification resistance
a: no special abilities


You were on level 3 of the Dungeon.
You visited 1 branch of the dungeon, and saw 3 of its levels.

You collected 109 gold pieces.

Inventory:

Hand Weapons
 a - a +0 war axe (weapon)
 g - a +0 flail
Armour
 b - a +0 scale mail (worn)
 c - a +0 buckler (worn)
 m - a +1 helmet (worn)
Jewellery
 l - an amulet of regeneration
Scrolls
 e - a scroll of magic mapping {unknown}
 j - a scroll of identify
Potions
 d - 4 potions of might
 f - a potion of degeneration {unknown}
 h - a potion of attraction {unknown}
 i - 2 potions of magic
 k - a potion of heal wounds {unknown}
 n - a potion of curing {unknown}


   Skills:
 + Level 3.7 Fighting
 + Level 3.6 Axes
 + Level 4.0 Armour
 - Level 0.1 Stealth
 + Level 3.8 Shields


You had 4 spell levels left.
You didn't know any spells.
Your spell library contained the following spells:

 Spells                   Type           Power      Damage    Failure   Level
 Blink                    Tloc           0%         N/A       94%         2
 Lesser Beckoning         Tloc           0%         N/A       94%         2
 Momentum Strike          Conj/Tloc      0%         3d8       94%         2
 Petrify                  Tmut/Erth      0%         N/A       100%        4
 Irradiate                Conj/Tmut      0%         3d11      100%        5
 Sublimation of Blood     Necr           Unusable   N/A       N/A         2

Dungeon Overview and Level Annotations

Branches:
Dungeon (3/15)

Altars:

Annotations:
D:3 Natasha


Innate Abilities, Weirdness & Mutations

You are immune to sickness and miasma.
Your stone body is resilient. (AC +4)
You are immune to poison.
You resist negative energy. (rN+)
You are resistant to electric shocks. (rElec)
You are resistant to unholy torment.
You are immune to petrification.


Message History

The orc shouts!
You hit the orc.
You kill the orc!
You hit the jackal but do no damage. You hit the ball python.
You kill the ball python!
The jackal closely misses you.
The jackal bites you but does no damage.
You block the jackal's attack. Natasha barely misses you.
The giant cockroach waves its antennae.
The jackal barely misses you. x2; The orc hits you but does no damage.
Natasha closely misses you.
Your Armour skill increases to level 4!
You slash the orc!
You kill the orc!
You slash the crimson imp! You barely miss Natasha. You barely miss the jackal.
You slash the jackal!
You kill the jackal!
The jackal bites you.
The jackal bites you but does no damage.
The giant cockroach bites you. Natasha claws you. The crimson imp hits you.
* * * LOW HITPOINT WARNING * * *
The jackal bites you but does no damage.
You block the giant cockroach's attack. Natasha claws you but does no damage.
The orc hits you but does no damage.
The crimson imp hits you but does no damage.
You feel very mighty all of a sudden. The jackal closely misses you.
The giant cockroach bites you but does no damage.
Natasha stares at you and mumbles some strange words.
The magic dart hits you.
* * * LOW HITPOINT WARNING * * *
You block the jackal's attack. The orc barely misses you.
The crimson imp completely misses you.
The giant cockroach bites you but does no damage.
You barely miss Natasha.
Natasha is lightly wounded.
You hit the jackal but do no damage. You barely miss the orc.
You barely miss the giant cockroach. You barely miss the crimson imp.
The jackal barely misses you. Natasha claws you!
You die...

#..... .# .
.#...###.##
..#.........##.
..............
#............
#............
#.h.5......
#o)@h......
#....ooB.......
#.......>......
...............
...)..#........
.......######..
..####. . ## #


You could see Natasha, a crimson imp (summoned), 3 orcs, a jackal and a giant
cockroach.

Vanquished Creatures
  Robin (D:2)
  4 gnolls
  2 adders (D:2)
  A dart slug (D:1)
  2 orcs (D:3)
  3 endoplasms
  3 giant cockroaches
  15 goblins
  6 hobgoblins
  A jackal (D:3)
  A quokka (D:1)
  5 ball pythons
  5 bats
  2 frilled lizards (D:1)
  A kobold (D:2)
  4 rats
56 creatures vanquished.

Vanquished Creatures (others)
  2 plants (D:1)
2 creatures vanquished.

Grand Total: 58 creatures vanquished

Notes
Turn   | Place    | Note
-------+----------+-------------------------------------------
     0 | D:1      | bande the Gargoyle Fighter began the quest for the Orb.
     0 | D:1      | Reached XP level 1. HP: 14/14 MP: 1/1
   142 | D:1      | Reached XP level 2. HP: 11/19 MP: 2/2
   508 | D:1      | Reached XP level 3. HP: 12/23 MP: 3/3
  1286 | D:2      | Reached XP level 4. HP: 21/28 MP: 4/4
  1311 | D:2      | Noticed Robin
  1316 | D:2      | Killed Robin
  1481 | D:2      | Found a faded altar of an unknown god.
  1861 | D:2      | Reached XP level 5. HP: 29/33 MP: 5/5
  2068 | D:3      | Noticed Natasha
  2082 | D:3      | Reached skill level 4 in Armour
  2084 | D:3      | Slain by Natasha

Illustrated notes

Levels and vault maps discovered:
D:1:      dpeg_arrival_court, layout_basic, serial_bayou, serial_bayou_ford_a,
          serial_bayou_shore_b, serial_bayou_pond_d, serial_bayou_pond_b
D:2:      layout_rooms, shapermc_ecumenical_altar_totnotflames, uniq_robin
D:3:      layout_rooms, uniq_natasha

Skill      XL: |  1  2  3  4  5 |
---------------+----------------+-----
Axes           | 2 3 |  3.6
Armour         | 4 |  4.0
Fighting       | |  3.7
Stealth        | |  0.1
Shields        | |  3.8

Action                     |  1- 3 |  4- 6 || total
---------------------------+-------+-------++-------
  Melee: War axe           |   117 |    46 ||   163
    Use: Scroll            |       |     4 ||     4
         Potion            |       |     1 ||     1
 Armour: Scale mail        |    93 |    59 ||   152
  Dodge: Dodged            |    70 |    57 ||   127
  Block: Buckler           |    31 |    26 ||    57

Table legend: (Time is in decaauts)
 A = Elapsed time spent in this place.
 B = Non-inter-level travel time spent in this place.
 C = Inter-level travel time spent in this place.
 D = Time resting spent in this place.
 E = Time spent auto-exploring this place.
 F = Levels seen in this place.
 G = Mean time per level.
                   A        B        C        D        E       F      G
               +--------+--------+--------+--------+--------+-----+--------+
         Total |   2185 |   2152 |     33 |    590 |   1082 |   3 |  728.3 |
       Dungeon |   2185 |   2152 |     33 |    590 |   1082 |   3 |  728.3 |
               +--------+--------+--------+--------+--------+-----+--------+

Top non-repeatable levels by time:
     D:1: 1526 daAuts
     D:2: 635 daAuts
     D:3: 23 daAuts
